 Dungeon Crawl Stone Soup version 0.30.1 (webtiles) character file.

Game seed: 10595647029760122399

874 ChrisAssaf the Ducker (level 8, 0/67 HPs)
             Began as a Gnoll Monk on July 2, 2023.
             Was a Believer of Ru.
             Slain by Duvessa
             ... wielding a +4 short sword
              (12 damage)
             ... on level 5 of the Dungeon.
             The game lasted 00:09:28 (2020 turns).

ChrisAssaf the Ducker (Gnoll Monk)                  Turns: 2020, Time: 00:09:28

Health: 0/67       AC:  9    Str: 12    XL:     8   Next: 4%
Magic:  0/12       EV: 20    Int: 11    God:    Ru [**....]
Gold:   58         SH:  5    Dex: 14    Spells: 10/13 levels left

rFire   x . .        a - +1 hand axe
rCold   x . .        d - orb {light}
rNeg    . . .        b - +0 robe
rPois   .            (no helmet)
rElec   .            h - +2 cloak
rCorr   .            (no gloves)
SInv    .            (no boots)
Will    .....        e - amulet of reflection
Stlth   +            c - +4 ring of protection
HPRegen 0.31/turn    g - +5 ring of evasion
MPRegen 0.13/turn

%: reflection
@: glowing
A: fangs 1, temperature sensitive, strong nose, distributed training
a: Renounce Religion


You were on level 5 of the Dungeon.
You worshipped Ru.
Ru was pleased with you.
You visited 2 branches of the dungeon, and saw 6 of its levels.

You collected 94 gold pieces.
You spent 36 gold pieces at shops.

Inventory:

Hand Weapons
 a - a +1 hand axe (weapon)
Missiles
 i - 2 boomerangs (quivered)
 k - a throwing net
 m - 6 curare-tipped darts
 p - 5 silver javelins
Armour
 b - a +0 robe (worn)
 d - an orb of light (worn)
 h - a +2 cloak (worn)
Jewellery
 c - a +4 ring of protection (left hand)
 e - an amulet of reflection (around neck)
 g - a +5 ring of evasion (right hand)
 n - a +6 ring of strength
Scrolls
 f - a scroll of enchant armour
 j - a scroll of amnesia


   Skills:
 + Level 7.2 Fighting
 + Level 3.0 Short Blades
 + Level 3.0 Long Blades
 + Level 7.2 Axes
 + Level 3.0 Maces & Flails
 + Level 3.0 Polearms
 + Level 3.0 Staves
 + Level 3.0 Ranged Weapons
 + Level 3.0 Throwing
 + Level 3.0 Armour
 + Level 7.2 Dodging
 + Level 3.0 Stealth
 + Level 3.0 Shields
 + Level 3.0 Unarmed Combat
 + Level 3.0 Spellcasting
 + Level 2.4 Conjurations
 + Level 2.4 Hexes
 + Level 2.4 Summonings
 + Level 2.4 Necromancy
 + Level 2.4 Translocations
 + Level 2.4 Transmutations
 + Level 2.4 Fire Magic
 + Level 2.4 Ice Magic
 + Level 2.4 Air Magic
 + Level 2.4 Earth Magic
 + Level 2.4 Poison Magic
 + Level 3.3 Invocations
 + Level 3.0 Evocations


You had 10 spell levels left.
You knew the following spells:

 Your Spells              Type           Power      Damage    Failure   Level
a - Vampiric Draining     Necr           7%         2d6       28%         3

Your spell library contained the following spells:

 Spells                   Type           Power      Damage    Failure   Level
 Necrotise                Necr           28%        1d5       10%         1
 Agony                    Necr           7%         N/A       95%         5


Dungeon Overview and Level Annotations

Branches:
Dungeon (5/15)             Temple (1/1) D:5

Altars:
Ashenzari
Cheibriados
Dithmenos
Gozag
Makhleb
Ru
Trog
Wu Jian
Yredelemnul
The Shining One

Shops:
D:3 !(:*

Annotations:
D:5 Duvessa


Innate Abilities, Weirdness & Mutations

You have very sharp teeth.
You are sensitive to extremes of temperature. (rF-, rC-)
Your uncanny sense of smell can sniff out nearby items.
Your experience applies equally to all skills.


Message History

Duvessa misses you. Duvessa hits you with a +4 short sword.
You hit Duvessa but do no damage.
Duvessa is moderately wounded.
Duvessa hits you with a +4 short sword!
You hit Duvessa.
Duvessa is heavily wounded.
You block Duvessa's attack.
You redirect Duvessa's attack!
Duvessa closely misses the adder.
You hit Duvessa.
Duvessa is heavily wounded.
Duvessa hits you with a +4 short sword.
You focus your inner power and blind Duvessa in retribution!
Casting: Vampiric Draining (dangerous; 28% risk of failure)
Confirm with . or Enter, or press ? or * to list all spells.
Aiming: Vampiric Draining (dangerous; 28% risk of failure)
Press: ? - help, Shift-Dir - straight line, f/p - Duvessa
Aim: Duvessa, wielding a +4 short sword and wearing a +1 ring mail of fire resistance (heavily wounded, berserk, blind, haloed)
You draw life force from Duvessa!
You feel life coursing into your body. Duvessa hits you with a +4 short sword!
You block Duvessa's attack.
Unknown command.
You completely miss Duvessa.
Duvessa is severely wounded.
Duvessa completely misses you.
You catch the helpless Duvessa completely off-guard!
You hit Duvessa. Your bite misses Duvessa.
Duvessa is severely wounded.
Duvessa rages.
You catch the helpless Duvessa completely off-guard!
You hit Duvessa but do no damage. You bite Duvessa, but do no damage.
Duvessa is severely wounded.
Duvessa is no longer blind.
Duvessa hits you with a +4 short sword!
* * * LOW HITPOINT WARNING * * *
You barely miss Duvessa. You bite Duvessa, but do no damage.
Duvessa is severely wounded.
Duvessa completely misses you.
You completely miss Duvessa. You bite Duvessa, but do no damage.
Duvessa is severely wounded.
Duvessa hits you with a +4 short sword!
You die...

#.....# #.######
.....÷#### ##.#.....
#.§§§....#######....###
#..§...#..............#
#.....##########....#.#
#..##.# ...##.##.....#
#..#.#.. ##.##.# ##.###
....# #.####..l#.#
###########
...#.#......>.oe@#
...S..).>S.
...#....####†.S###
.########## <#.#
.......#.## # ##.#
...###....# . ##.# #.#
#.......e.. #.
##.####.# ##.....#l..
#. ........# ##...## .
#. .....#### ###.. ..
..#..# >#)


You could see Duvessa (berserk), an iguana, an adder and an orc.

Vanquished Creatures
  Prince Ribbit (D:5)
  Edmund (D:4)
  An ogre (D:5)
  A centaur (D:5)
  A kobold brigand (D:5)
  2 scorpions (D:5)
  Dowan (D:5)
  An iguana (D:5)
  A jelly (D:5)
  Natasha (D:2)
  An orc wizard (D:4)
  2 sleepcaps (D:5)
  3 adders
  A dart slug (D:5)
  4 orcs
  3 ball pythons
  3 endoplasms
  3 giant cockroaches
  3 goblins
  A hobgoblin (D:1)
  5 jackals (D:5)
  A quokka (D:4)
  4 bats
  A frilled lizard (D:1)
  10 kobolds
  3 rats
59 creatures vanquished.

Notes
Turn   | Place    | Note
-------+----------+-------------------------------------------
     0 | D:1      | ChrisAssaf the Gnoll Monk began the quest for the Orb.
     0 | D:1      | Reached XP level 1. HP: 23/23 MP: 1/1
   193 | D:1      | Reached XP level 2. HP: 29/29 MP: 2/2
   265 | D:2      | Noticed Natasha
   273 | D:2      | Killed Natasha
   274 | D:2      | Reached skill level 1 in Invocations
   274 | D:2      | Reached XP level 3. HP: 32/35 MP: 2/4
   350 | D:3      | Found Zuwoed's Weapon Emporium.
   386 | D:3      | Found Hiskuumn's General Store.
   432 | D:3      | Reached skill level 1 in Short Blades
   432 | D:3      | Reached skill level 1 in Long Blades
   432 | D:3      | Reached skill level 1 in Maces & Flails
   432 | D:3      | Reached skill level 1 in Polearms
   432 | D:3      | Reached skill level 1 in Staves
   432 | D:3      | Reached skill level 1 in Ranged Weapons
   432 | D:3      | Reached skill level 1 in Throwing
   432 | D:3      | Reached skill level 1 in Armour
   432 | D:3      | Reached skill level 1 in Stealth
   432 | D:3      | Reached skill level 1 in Shields
   432 | D:3      | Reached skill level 1 in Unarmed Combat
   432 | D:3      | Reached skill level 1 in Spellcasting
   432 | D:3      | Reached skill level 1 in Evocations
   439 | D:3      | Found Batemem's Book Boutique.
   631 | D:3      | Found Cilauv's Distillery.
   655 | D:3      | Bought a potion of lignification for 36 gold pieces
   672 | D:3      | Reached XP level 4. HP: 40/41 MP: 5/5
   755 | D:4      | Reached skill level 1 in Conjurations
   755 | D:4      | Reached skill level 1 in Hexes
   755 | D:4      | Reached skill level 1 in Summonings
   755 | D:4      | Reached skill level 1 in Necromancy
   755 | D:4      | Reached skill level 1 in Translocations
   755 | D:4      | Reached skill level 1 in Transmutations
   755 | D:4      | Reached skill level 1 in Fire Magic
   755 | D:4      | Reached skill level 1 in Ice Magic
   755 | D:4      | Reached skill level 1 in Air Magic
   755 | D:4      | Reached skill level 1 in Earth Magic
   755 | D:4      | Reached skill level 1 in Poison Magic
   967 | D:4      | Noticed Edmund
  1001 | D:4      | Killed Edmund
  1002 | D:4      | Reached XP level 5. HP: 20/47 MP: 5/7
  1002 | D:4      | Reached XP level 6. HP: 22/53 MP: 5/8
  1060 | D:5      | Entered Level 5 of the Dungeon
  1138 | D:5      | Noticed Prince Ribbit
  1146 | D:5      | HP: 2/53 [Prince Ribbit (17)]
  1166 | D:5      | Killed Prince Ribbit
  1167 | D:5      | Reached XP level 7. HP: 12/60 MP: 10/10
  1414 | D:5      | Learned a level 3 spell: Vampiric Draining
  1499 | D:5      | Found a staircase to the Ecumenical Temple.
  1509 | Temple   | Entered the Ecumenical Temple
  1683 | Temple   | Became a worshipper of Ru the Awakened
  1709 | Temple   | Gained mutation: You are sensitive to extremes of
                  | temperature. (rF-, rC-) [Ru sacrifice]
  1709 | Temple   | Reached * piety under Ru
  1709 | Temple   | Reached ** piety under Ru
  1945 | D:5      | Noticed Dowan
  1950 | D:5      | Noticed Duvessa
  1956 | D:5      | Killed Dowan
  2007 | D:5      | Reached XP level 8. HP: 66/67 MP: 5/12
  2020 | D:5      | Slain by Duvessa

Illustrated notes

Levels and vault maps discovered:
D:1:      lemuel_arrival_lava_pool, layout_loops_ring,
          hangedman_abyss_or_decor_stabs, hangedman_decor_clover_reticule,
          nicolae_figureground_pulse
D:2:      layout_loops_ring, nicolae_ecumenical_snake_handling, uniq_natasha,
          uniq_sigmund
D:3:      layout_rooms, minmay_overflow_temple_star_quad, serial_shops,
          nicolae_shop_rolling_square, nicolae_shop_bloodbath_and_beyond,
          nicolae_book_shop_shelving, shop
D:4:      layout_loops_ring, uniq_edmund
D:5:      layout_loops_ring, minmay_temple_entry_purple_smoke, uniq_duvessa,
          uniq_prince_ribbit1
Temple:   hc_temple_tempest_star

Skill      XL: |  1  2  3  4  5  6  7 |
---------------+----------------------+-----
Invocations    | 1 2 3 |  3.3
Short Blades   | 1 2 3 |  3.0
Long Blades    | 1 2 3 |  3.0
Maces & Flails | 1 2 3 |  3.0
Polearms       | 1 2 3 |  3.0
Staves         | 1 2 3 |  3.0
Ranged Weapons | 1 2 3 |  3.0
Throwing       | 1 2 3 |  3.0
Armour         | 1 2 3 |  3.0
Stealth        | 1 2 3 |  3.0
Shields        | 1 2 3 |  3.0
Unarmed Combat | 1 2 3 |  3.0
Spellcasting   | 1 2 3 |  3.0
Evocations     | 1 2 3 |  3.0
Conjurations   | 1 2 |  2.4
Hexes          | 1 2 |  2.4
Summonings     | 1 2 |  2.4
Necromancy     | 1 2 |  2.4
Translocations | 1 2 |  2.4
Transmutations | 1 2 |  2.4
Fire Magic     | 1 2 |  2.4
Ice Magic      | 1 2 |  2.4
Air Magic      | 1 2 |  2.4
Earth Magic    | 1 2 |  2.4
Poison Magic   | 1 2 |  2.4
Fighting       | 7 |  7.2
Axes           | 7 |  7.2
Dodging        | 7 |  7.2

Action                     |  1- 3 |  4- 6 |  7- 9 || total
---------------------------+-------+-------+-------++-------
  Melee: Hand axe          |    54 |   115 |    97 ||   266
         Bite              |     7 |    25 |    18 ||    50
  Throw: Boomerang         |     3 |    17 |     8 ||    28
   Cast: Vampiric Draining |       |       |    11 ||    11
 Invoke: Sacrifice Resista |       |       |     1 ||     1
    Use: Potion            |       |     6 |       ||     6
         Scroll            |       |     1 |     5 ||     6
   Stab: Invisible         |       |       |     2 ||     2
 Armour: Robe              |     7 |     9 |    18 ||    34
         Skin              |       |     5 |       ||     5
  Dodge: Dodged            |    33 |    64 |    93 ||   190
  Block: Orb               |     8 |    22 |    29 ||    59
         Reflection        |     1 |     1 |       ||     2
